 Dungeon Crawl Stone Soup version 0.20.1-1-g8b1a95d (webtiles) character file.

101 Peloso the Skirmisher (level 4, -4/36 HPs)
             Began as a Demonspawn Fighter on Aug 2, 2017.
             Slain by an orc
             ... wielding a +0 flail
              (8 damage)
             ... on level 2 of the Dungeon.
             The game lasted 00:03:20 (1983 turns).

Peloso the Skirmisher (Demonspawn Fighter)          Turns: 1983, Time: 00:03:21

Health: -4/36      AC:  8    Str: 17    XL:     4   Next: 48%
Magic:  4/4        EV:  7    Int:  9    God:
Gold:   111        SH:  9    Dex: 13    Spells: 3/3 levels left

rFire    . . .     SeeInvis .   a - +0 long sword
rCold    . . .     Gourm    .   c - +0 shield
rNeg     . . .     Faith    .   b - +0 scale mail
rPois    .         Spirit   .   (no helmet)
rElec    .         Reflect  .   (no cloak)
rCorr    .         Harm     .   (no gloves)
MR       .....                  (no boots)
Stlth    ..........             (no amulet)
Regen    0.2/turn               (no ring)
MPRegen  0.1/turn               (no ring)

@: no status effects
A: icy blue scales 1, powered by pain 1
a: no special abilities


You were on level 2 of the Dungeon.
You were not hungry.

You visited 1 branch of the dungeon, and saw 3 of its levels.

You collected 111 gold pieces.

Inventory:

Hand Weapons
 a - a +0 long sword (weapon)
 p - a +1 dagger of pain
Armour
 b - a +0 scale mail (worn)
 c - a +0 shield (worn)
Scrolls
 e - 3 scrolls of magic mapping {unknown}
 i - a scroll of amnesia {unknown}
 j - 2 scrolls of teleportation {unknown}
 k - a scroll of fear {unknown}
 q - a scroll of identify {unknown}
Potions
 d - a potion of might
 g - a potion of haste {unknown}
 h - 2 potions of curing {unknown}
 m - 2 potions of magic {unknown}
Comestibles
 f - 2 bread rations
 l - 2 royal jellies
 n - a meat ration


   Skills:
 + Level 3.6 Fighting
 + Level 2.9 Long Blades
 + Level 3.0 Armour
 + Level 0.6 Dodging
 + Level 3.2 Shields


You had 3 spell levels left.
You didn't know any spells.

Dungeon Overview and Level Annotations

Branches:
Dungeon (3/15)

Altars:
Xom


Innate Abilities, Weirdness & Mutations

You are partially covered in icy blue scales. (AC +2)
You sometimes gain a little power by taking damage.


Message History

You feel less confused. The orc barely misses you.
The orc hits you from afar with a trident.
* * * LOW HITPOINT WARNING * * *
There is an open door here.
There is an open door here.
You see here a chain mail.
An orc wizard appears from thin air!
Reactivating autopickup.
The orc wizard gestures wildly while chanting.
The orc wizard flickers and vanishes!
Deactivating autopickup; reactivate with Ctrl-A.
There is a stone staircase leading up here.
The orc hits you but does no damage.
You climb upwards.
There is a stone staircase leading down, spattered with blood here.
You hit the orc.
The orc is almost dead.
The orc hits you with a flail!
You die...

#..................
#.##.#...#.......##
#.##.#...#.........
#.##.#...#.........
#.##.#.............
#.##.#...###.......
#..................
#..#.#...###......#
#.@o.......).......
#########..#.#..####......#
#..........................
##.###.##.(#......##......#
#.# #.##..#......##.....♣♣
#.# #.##..#.............PP
#.# #.##..#......##......≈
#.# #.##..#.#..####..#..♣♣
#.# #.......#..####.....♣♣


You could see an orc.

Vanquished Creatures
  3 adders (D:2)
  5 worms
  3 dart slugs
  A leopard gecko (D:2)
  5 bats
  A giant cockroach (D:1)
  7 goblins
  8 hobgoblins
  6 jackals (D:1)
  A quokka (D:2)
  4 frilled lizards (D:1)
  6 kobolds (D:1)
  5 rats
55 creatures vanquished.

Notes
Turn   | Place    | Note
-------+----------+-------------------------------------------
     0 | D:1      | Peloso the Demonspawn Fighter began the quest for the Orb.
     0 | D:1      | Reached XP level 1. HP: 18/18 MP: 1/1
   185 | D:1      | Gained mutation: You sometimes gain a little power by taking damage. [demonic ancestry]
   185 | D:1      | Reached XP level 2. HP: 19/24 MP: 2/2
   492 | D:1      | HP: 1/24 [hobgoblin (1)]
   814 | D:1      | Gained mutation: You are partially covered in icy blue scales. (AC +2) [demonic ancestry]
   814 | D:1      | Reached XP level 3. HP: 29/29 MP: 3/3
  1249 | D:2      | Reached XP level 4. HP: 14/36 MP: 4/4
  1503 | D:2      | Found a shimmering altar of Xom.
  1959 | D:3      | HP: 1/36 [orc/trident (5)]
  1983 | D:2      | Slain by an orc

Skill      XL: |  1  2  3 |
---------------+----------+-----
Long Blades    | 2 |  2.9
Shields        | 3 |  3.2
Armour         | 3 |  3.0
Fighting       | |  3.6
Dodging        | |  0.6

Action                   |  1- 3 |  4- 6 || total
-------------------------+-------+-------++-------
Melee: Long sword        |   126 |    65 ||   191
  Eat: Chunk             |     1 |     3 ||     4
Armor: Scale mail        |    76 |    29 ||   105
Dodge: Dodged            |    40 |    16 ||    56
Block: Shield            |    70 |    41 ||   111
       Rpst.: Long sword |    16 |     6 ||    22
